 Dungeon Crawl Stone Soup version 0.10.0-21-g6e717ff character file.

169065 Kozaczu the Ripper (level 17, -9/79 HPs)
             Began as a Felid Transmuter on Feb 26, 2012.
             Was the Champion of Ashenzari.
             Mangled by a deep elf blademaster
             ... wielding a +0,+0 elven sabre
              (13 damage)
             ... on Level 5 of the Elven Halls on Feb 27, 2012.
             The game lasted 07:14:16 (68231 turns).

Kozaczu the Ripper (Felid Transmuter)              Turns: 68231, Time: 07:14:16

HP  -9/79        AC  3     Str  8      XL: 17   Next: 56%
MP   0/38        EV 34     Int 17      God: Ashenzari [******]
Gold 4852        SH  0     Dex 20      Spells: 13 memorised,  4 levels left
Lives: 0, deaths: 5

Res.Fire  : . . .   See Invis. : +     - Unarmed
Res.Cold  : + + .   Warding    : . . (armour unavailable)
Life Prot.: . . .   Conserve   : .   (shield unavailable)
Res.Acid. : . . .   Res.Corr.  : .   (helmet unavailable)
Res.Poison: +       Clarity    : +   (cloak unavailable)
Res.Elec. : .       Spirit.Shd : +   (gloves unavailable)
Sust.Abil.: . .     Stasis     : .   (boots unavailable)
Res.Mut.  : .       Ctrl.Telep.: x   I - cursed amulet of guardian spirit
Res.Rott. : .       Levitation : .   v - cursed ring of wizardry
Saprovore : . . .   Ctrl.Flight: .   m - cursed ring of regeneration

@: blade paws, deflect missiles, very slightly contaminated, hasted, very quick,
very resistant to hostile enchantments, very stealthy
A: paw claws, no armour, no advanced items, fangs 3, see invisible, carnivore 3,
cold resistance 1, speed 1, poison resistance, slow metabolism 2, spit poison 1,
AC +3, Dex +1
a: Spit Poison, End Transformation, Scrying, Transfer Knowledge, Renounce
Religion


You were on level 5 of the Elven Halls.
You worshipped Ashenzari.
Ashenzari was exalted by your worship.
You were hungry.
Your front paws were blades.
You visited 7 branches of the dungeon, and saw 46 of its levels.
You visited 1 Labyrinth.
You visited 1 bazaar.
You visited 3 portal chambers: spiders nest, bailey, ice cave.

You collected 6430 gold pieces.
You spent 1598 gold pieces at shops.

Inventory:

Comestibles
 a - 5 meat rations
Scrolls
 c - 2 scrolls of silence
 f - 5 scrolls of remove curse
 g - a scroll of vulnerability
 l - 7 scrolls of identify
 p - a scroll of curse jewellery
 r - a scroll of magic mapping
 s - 7 scrolls of teleportation
 C - 2 scrolls of fear
 L - a scroll of holy word
Jewellery
 d - an uncursed ring of wizardry
 e - a cursed ring of sustain abilities
 i - an uncursed ring of life protection
 m - a cursed ring of regeneration (left scythe-like blade)
 t - an uncursed amulet of resist mutation
 u - a cursed ring of protection from magic
 v - a cursed ring of wizardry (right scythe-like blade)
 x - the cursed ring "Ytaibroco" {rF+ Int+3}
   (You acquired it on level 1 of the Elven Halls)

   [ring of protection from fire]

   It affects your intelligence (+3).
   It has a curse placed upon it.
 A - an uncursed amulet of warding
 G - an uncursed amulet of clarity
 I - a cursed amulet of guardian spirit (around neck)
Potions
 b - 3 potions of might
 h - a potion of magic
 n - 9 potions of curing
 w - a potion of berserk rage
Books
 y - the Volume of the Armadillo
   (You found it in a Labyrinth)

   Spells                             Type                      Level
   *Confusing Touch                   Hexes                        1
   Cause Fear                         Hexes                        4
   *Dig                               Transmutation/Earth          4
   Bolt of Magma                      Conjuration/Fire/Earth       5
   Metabolic Englaciation             Hexes/Ice                    6
 z - a Necronomicon WARNING: If you fail in an attempt to memorise a spell from this book, the book will lash out at you.

   Spells                             Type                      Level
   Borgnjor's Revivification          Necromancy                   7
   Haunt                              Necromancy/Summoning         7
   Death's Door                       Charms/Necromancy            8
   Necromutation                      Transmutation/Necromancy     8
 D - a book of Beasts

   Spells                             Type                      Level
   *Summon Butterflies                Summoning                    1
   Sticks to Snakes                   Transmutation                2
   Call Canine Familiar               Summoning                    3
   Ice Form                           Ice/Transmutation            4
   Summon Ice Beast                   Ice/Summoning                4
   Summon Hydra                       Summoning                    7
 E - a book of Control

   Spells                             Type                      Level
   Control Teleport                   Charms/Translocation         4
   Control Undead                     Necromancy                   4
   Enslavement                        Hexes                        4
   Mass Confusion                     Hexes                        6
   Metabolic Englaciation             Hexes/Ice                    6
 F - the Volume of Gravity
   (You found it in a Labyrinth)

   Spells                             Type                      Level
   Animate Skeleton                   Necromancy                   1
   Lethal Infusion                    Charms/Necromancy            2
   Projected Noise                    Hexes                        2
   Confuse                            Hexes                        3
   Cigotuvi's Degeneration            Transmutation/Necromancy     5
 H - a book of Minor Magic

   Spells                             Type                      Level
   Magic Dart                         Conjuration                  1
   *Blink                             Translocation                2
   Call Imp                           Summoning                    2
   Repel Missiles                     Charms/Air                   2
   *Slow                              Hexes                        2
   Conjure Flame                      Conjuration/Fire             3
   *Mephitic Cloud                    Conjuration/Poison/Air       3
 J - a tome of Destruction
 N - a book of Enchantments

   Spells                             Type                      Level
   Tukima's Dance                     Hexes                        3
   See Invisible                      Charms                       4
   Cause Fear                         Hexes                        4
   Silence                            Hexes/Air                    5
   *Deflect Missiles                  Charms/Air                   6
   *Haste                             Charms                       6


   Skills:
 - Level 14.0 Fighting
 + Level 18.4 Dodging
 + Level 9.9 Stealth
 - Level 4.0 Stabbing
 - Level 4.6 Traps & Doors
 + Level 18.6 Unarmed Combat
 + Level 14.2 Spellcasting
 - Level 0.5(2.3) Conjurations
 - Level 4.0(8.2) Hexes
 - Level 9.7(14.0) Charms
 * Level 8.0(12.5) Necromancy
 + Level 10.6(14.9) Transmutations
 - Level 1.6(4.6) Fire Magic
 - Level 2.4(6.0) Air Magic
 - Level 0.5(2.3) Earth Magic
 - Level 5.5(10.0) Poison Magic


You had 4 spell levels left.
You knew the following spells:

 Your Spells              Type           Power        Failure   Level  Hunger
a - Beastly Appendage     Trmt           #######      1%          1    None
b - Haste                 Chrm           #######..    10%         6    Honeycomb
c - Deflect Missiles      Air/Chrm       ######....   24%         6    Honeycomb
d - Blink                 Tloc           N/A          19%         2    None
e - Blade Hands           Trmt           #######...   4%          5    Choko
f - Mephitic Cloud        Pois/Air/Conj  #####....    7%          3    None
g - Confusing Touch       Hex            ######....   3%          1    None
h - Flight                Air/Chrm       ######....   3%          3    None
i - Slow                  Hex            ######...    4%          2    None
j - Ignite Poison         Fire/Trmt      ######....   11%         5    Choko
k - Dig                   Erth/Trmt      ######...    7%          4    Sultana
l - Fulsome Distillation  Trmt/Necr      N/A          1%          1    None
m - Summon Butterflies    Summ           ###......    14%         1    None


Dungeon Overview and Level Annotations

Branches:
Dungeon (16/27)            Temple (1/1) D:4             Orc (4/4) D:10
    Elf (5/5) Orc:3          Lair (8/8) D:9           Swamp (0/5) Lair:4
  Slime (0/6) Lair:7        Snake (5/5) Lair:5        Vault (7/8) D:16
  Blade (0/1) Vault:5       Crypt (0/5) Vault:3

Altars:
Ashenzari
Cheibriados
Elyvilon
Fedhas
Kikubaaqudgha
Makhleb
Nemelex Xobeh
Okawaru
Sif Muna
The Shining One
Trog
Vehumet
Xom
Yredelemnul
Zin
Beogh
Jiyva

Shops:
D:6: [+** Orc:4: +/[+%[ Elf:2: [ Elf:4: ( Elf:5: % Vault:1: (%[( Vault:5: *

Portals:
Trove: Vault:1 (give +6,+4 demon trident)

Annotations
D:3 Kozaczu's ghost, weakling FeTm
D:9 1 exclusion
Lair:7 1 exclusion
Snake:3 exclusion: Roxanne, Roxanne
Snake:5 tewe's ghost, mighty DEFE
Vault:4 Mennas


Innate Abilities, Weirdness & Mutations

You cannot wear armour.
You are incapable of any advanced item manipulation.
((Your paws have sharp claws.))
You have razor-sharp teeth.
You have supernaturally acute eyesight.
You are carnivorous and can eat meat at any time.
You cover ground quickly.
Your thick and shaggy fur keeps you warm (AC +3, rC+).
You have a slow metabolism.
You are agile (Dex +1).
Your flesh is cold resistant.
Your system is resistant to poisons.
You can spit poison.


Message History

You slash the deep elf blademaster, but do no damage.
The deep elf blademaster is severely wounded.
You hit the deep elf blademaster but do no damage.
The deep elf blademaster is severely wounded.
The deep elf blademaster barely misses you.
The deep elf blademaster hits you with an elven sabre.
* * * LOW HITPOINT WARNING * * *
You miss the deep elf blademaster.
The deep elf blademaster is severely wounded.
The deep elf blademaster hits you with an elven sabre!
* * * LOW HITPOINT WARNING * * *
The deep elf blademaster completely misses you.
You hit the deep elf blademaster but do no damage.
The deep elf blademaster is severely wounded.
You barely miss the deep elf blademaster.
The deep elf blademaster is severely wounded.
The deep elf blademaster hits you with an elven sabre!
* * * LOW HITPOINT WARNING * * *
The deep elf blademaster hits you with an elven sabre!
You die...

#..................
#......{...........
#....{...........#,
#.(...#..........##
#....###..........#
#..###.......|....#
#.###.....##.##....
#)#.....####%# **..
#.@e..### #.# *
#..f### #.# * #.###
#.# ### #)#
###############)######
#........)..(..|).)...
#.########)###########
#.#** * *,,,, , ...,
,, ,,*


You could see a deep elf blademaster.

Vanquished Creatures
  Norris (Vault:2)
  A golden dragon (D:16)
  Nikola (D:14)
  A deep elf blademaster (Elf:5)
  Kirke (D:15)
  Rupert (D:14)
  Agnes (Elf:2)
  A sphinx (Vault:4)
  Frances (Elf:4)
  A daeva (Vault:5)
  Donald (Snake:3)
  Wiglaf (Snake:3)
  5 stone giants
  Maud (D:16)
  An angel (Vault:5)
  Gastronok (Lair:8)
  Jozef (Snake:2)
  5 deep elf annihilators
  4 dire elephants (Lair:8)
  Azrael (D:16)
  6 deep elf death magi
  3 deep elf sorcerers (Elf:5)
  An ettin (Orc:4)
  Snorg (D:14)
  A dragon (shapeshifter) (D:16)
  6 anacondas
  8 yaktaur captains
  3 dragons
  A minotaur (Lab)
  10 hydras
  A storm dragon skeleton (Vault:7)
  4 great orbs of eyes
  Harold (D:16)
  Josephine (D:13)
  2 ice dragons
  The ghost of MarvinPA the Prestidigitator, a powerful DrIE of Nemelex Xobeh (Port)
  Nessos (Elf:2)
  4 deep elf demonologists (Elf:5)
  3 death yaks (Lair:5)
  A fire giant zombie (Vault:3)
  11 ogre magi
  2 stone giant zombies
  A deep elf high priest (Elf:5)
  2 very ugly things
  2 sun demons (Elf:5)
  Nergalle (D:14)
  A fire giant skeleton (D:16)
  7 stone giant skeletons
  4 emperor scorpions (Port)
  10 centaur warriors
  7 skeletal warriors
  24 deep elf knights
  A sea snake (shapeshifter) (Vault:1)
  2 flayed ghosts (Vault:7)
  Erolcha (D:13)
  A naga warrior (Snake:1)
  13 orc knights
  3 ice devils
  A wizard (Vault:3)
  18 hill giants
  3 unseen horrors
  3 ice statues (Port)
  5 harpies (Vault:7)
  A guardian serpent (Snake:4)
  5 spiny worms
  Urug (D:14)
  7 griffons
  3 orc sorcerers
  A red wasp (shapeshifter) (Vault:7)
  A hellion (Elf:5)
  A hydra skeleton (D:16)
  An oklob plant (D:13)
  11 cyclopes
  A harpy zombie (Vault:4)
  A red wasp (Vault:7)
  2 sixfirhies (Elf:5)
  7 feature mimics
  A trapdoor spider (Port)
  2 elephant slugs
  A fire crab (Vault:6)
  11 black mambas
  2 ettin skeletons
  A wolf spider (shapeshifter) (D:15)
  A spiny worm zombie (Vault:5)
  9 rock trolls
  A dragon skeleton (Vault:4)
  6 wolf spiders
  10 elephants
  30 slime creatures
  2 hill giant zombies (D:16)
  21 yaktaurs
  7 spiny frogs
  61 ugly things
  A komodo dragon (Lair:7)
  A smoke demon (Elf:5)
  An elf (shapeshifter) (Vault:2)
  A spriggan (D:14)
  A spriggan (shapeshifter) (Vault:1)
  An iron devil (Elf:4)
  Sonja (Orc:2)
  15 two-headed ogres
  A hill giant skeleton (Vault:5)
  3 redbacks (Port)
  2 rock troll zombies
  A wandering mushroom (Vault:1)
  An efreet (D:13)
  24 trolls
  An agate snail zombie (Vault:4)
  5 naga magi
  16 blink frogs
  2 deep troll skeletons
  A rock troll skeleton (D:16)
  A hairy devil (D:11)
  2 basilisks
  A chaos spawn (Elf:5)
  8 wraiths
  A giant firefly (shapeshifter) (D:16)
  5 vampires
  4 wyverns
  2 grizzly bears
  3 fire elementals (D:16)
  29 yaks
  16 vampire mosquitoes
  A ynoxinul (Elf:1)
  A hog (D:15)
  4 hungry ghosts
  15 deep elf conjurers
  6 fire drakes
  2 rock worms
  18 war dogs
  9 hippogriffs
  3 mottled dragons
  3 item mimics
  4 manticores
  32 deep elf fighters
  15 deep elf summoners
  A jumping spider (Port)
  2 swamp worms (Lair:4)
  A neqoxec (Elf:5)
  4 cyclops zombies
  A freezing wraith (Vault:5)
  A kobold demonologist (D:15)
  2 soldier ants (D:16)
  2 hell hounds (D:16)
  4 necrophages
  42 orc warriors
  A cyclops skeleton (Vault:1)
  9 deep elf priests
  A yellow wasp (D:10)
  19 ice beasts
  2 black bears (D:11)
  46 ogres
  5 sky beasts
  9 crocodiles
  A rotting devil (Elf:5)
  21 centaurs
  A queen bee zombie (D:15)
  5 boring beetles
  16 giant frogs
  38 nagas
  11 deep elf magi
  7 giant goldfish
  48 water moccasins
  2 draconians (shapeshifter)
  8 giant slugs
  A tarantella (Port)
  2 brain worms
  A silver statue (Snake:2)
  8 wargs
  4 big kobolds
  9 agate snails
  A water moccasin skeleton (D:12)
  A basilisk skeleton (D:11)
  2 giant leeches (Lair:4)
  20 wights
  An eye of draining (D:16)
  14 killer bees
  3 boulder beetles
  2 electric eels
  A brain worm zombie (D:12)
  3 big kobold skeletons
  A big kobold zombie (D:13)
  10 crimson imps
  4 shadows
  3 goliath beetles
  25 orc priests
  11 hounds
  Crazy Yiuf (D:7)
  A boring beetle simulacrum (D:16)
  5 spiders (Port)
  5 big fish
  13 iguanas
  2 hound skeletons
  6 scorpions
  2 porcupines (Lair:1)
  A quasit (D:15)
  4 jellies
  2 orange rats (Elf:4)
  6 worker ants
  26 orc wizards
  58 deep elf soldiers
  26 sheep
  A worm zombie (D:5)
  9 boggarts
  2 goliath beetle zombies (D:9)
  51 adders
  13 gnolls (Port)
  45 green rats
  A lemure (D:15)
  A midge (D:15)
  2 giant centipede zombies
  2 iguana skeletons
  5 giant centipedes
  2 white imps
  An adder skeleton (D:5)
  4 worms (D:8)
  3 giant mites
  25 ufetubi
  9 grey rats
  A bat skeleton (D:5)
  2 giant eyeballs
  5 oozes
  248 orcs
  3 ball pythons
  50 bats
  29 goblins
  24 hobgoblins
  7 quokkas
  8 giant cockroaches
  9 giant geckos
  6 giant newts
  A hobgoblin skeleton (D:5)
  27 jackals
  37 kobolds
  A kobold skeleton (D:7)
  20 orc zombies
  A quokka skeleton (D:7)
  A quokka zombie (D:7)
  21 rats
  A rat skeleton (D:6)
  A rat zombie (D:7)
  A bush (Lair:4)
  2 crawling corpses (Elf:5)
  5 fungi
  A macabre mass (Elf:5)
  15 plants
  59 toadstools
2043 creatures vanquished.

Vanquished Creatures (collateral kills)
  An ogre (D:8)
  A hound (D:9)
  An adder (D:8)
  An orc (D:9)
  A rat (D:9)
  A fungus (D:9)
6 creatures vanquished.

Vanquished Creatures (others)
  An orc sorcerer (Elf:2)
  16 slime creatures
  An ugly thing (D:15)
  A cyclops skeleton (D:16)
  A naga (Snake:4)
  3 water moccasins
  2 humans (D:15)
  A hound (D:14)
  A deep elf soldier (Elf:3)
  An orc wizard (Orc:2)
  2 adders
  4 green rats
  4 orcs
  A bat (D:11)
  2 hobgoblins (Orc:4)
  A giant spore (D:11)
  A goblin (D:7)
  3 jackals
  3 rats
  A crawling corpse (Elf:5)
  10 fungi
  10 plants
  293 toadstools
363 creatures vanquished.

Grand Total: 2412 creatures vanquished

Notes
Turn   | Place    | Note
--------------------------------------------------------------
     0 | D:1      | Kozaczu, the Felid Transmuter, began the quest for the Orb.
     0 | D:1      | Reached XP level 1. HP: 9/9 MP: 2/2
   114 | D:1      | Reached XP level 2. HP: 12/12 MP: 2/4
   199 | D:1      | Reached skill level 3 in Dodging
  1042 | D:1      | Learned a level 2 spell: Sticks to Snakes
  1078 | D:2      | Reached skill level 1 in Fighting
  1347 | D:2      | Reached XP level 3. HP: 15/15 MP: 5/7
  1537 | D:2      | Reached skill level 4 in Dodging
  2005 | D:3      | Reached skill level 1 in Stabbing
  2005 | D:3      | Reached XP level 4. HP: 16/19 MP: 9/9
  2028 | D:3      | Noticed Kozaczu's ghost (weakling FeTm)
  2868 | D:4      | Reached skill level 1 in Traps & Doors
  2942 | D:4      | Reached XP level 5. HP: 20/22 MP: 9/11
  3043 | D:4      | Found a staircase to the Ecumenical Temple.
  3052 | Temple   | Entered the Ecumenical Temple
  3166 | Temple   | Became a worshipper of Ashenzari the Shackled
  3213 | D:4      | Reached skill level 5 in Dodging
  3213 | D:4      | Reached skill level 1 in Stealth
  3459 | D:5      | Entered Level 5 of the Dungeon
  3516 | D:5      | Gained mutation: You are covered in thick fur (AC +2).
  3516 | D:5      | Reached XP level 6. HP: 5/26 MP: 11/14
  3596 | D:5      | Found a burning altar of Makhleb.
  4276 | D:6      | Found Upriank's Antique Armour Boutique.
  4482 | D:6      | Found Bapabuid's Assorted Antiques.
  4486 | D:6      | Bought an emulsified brown potion for 25 gold pieces
  4486 | D:6      | Bought a fizzy black potion for 25 gold pieces
  4571 | D:6      | Found Klussuq's Book Shoppe.
  4584 | D:6      | Reached skill level 6 in Dodging
  4584 | D:6      | Reached XP level 7. HP: 21/30 MP: 18/18
  4687 | D:6      | Found Abapneh's General Store.
  4727 | D:6      | Bought a scroll of identify for 22 gold pieces
  4727 | D:6      | Bought a potion of paralysis for 11 gold pieces
  4741 | D:6      | Learned a level 2 spell: Evaporate
  4814 | D:6      | Learned a level 3 spell: Spider Form
  5210 | D:7      | Acquired Ashenzari's first power
  5355 | D:7      | Found a radiant altar of Vehumet.
  5483 | D:7      | Reached skill level 1 in Poison Magic
  5972 | D:7      | Found a bloodstained altar of Trog.
  6117 | D:7      | Noticed Crazy Yiuf
  6128 | D:7      | Killed Crazy Yiuf
  6404 | D:8      | Reached XP level 8. HP: 29/34 MP: 13/19
  6535 | D:8      | Reached skill level 7 in Dodging
  6625 | D:8      | Paralysed by a giant eyeball for 3 turns
  7772 | D:9      | Reached skill level 5 in Transmutations
  8280 | D:9      | Reached skill level 8 in Dodging
  8280 | D:9      | Reached skill level 5 in Unarmed Combat
  8295 | D:9      | Reached XP level 9. HP: 26/37 MP: 1/21
  8502 | D:9      | Learned a level 5 spell: Blade Hands
  8664 | D:9      | Reached skill level 5 in Spellcasting
  8887 | D:9      | Learned a level 3 spell: Mephitic Cloud
  8892 | D:9      | You fall through a shaft!
  8964 | D:11     | Found a flickering gateway to a bazaar. 8969
                  | bazaar
                  | Entered a bazaar 8985
                  | bazaar
                  | Found Jahetap's Assorted Antiques. 8985
                  | bazaar
                  | Found Ila Liev's Magical Wand Emporium. 9012
                  | bazaar
                  | Found Smemmas' General Store. 9037
                  | bazaar
                  | Found Got Ecre's Magical Wand Shoppe. 9056
                  | bazaar
                  | Found Grungara's Magic Scroll Emporium. 9091
                  | bazaar
                  | Bought a scroll of identify for 16 gold pieces 9091
                  | bazaar
                  | Bought a scroll of fear for 28 gold pieces 9091
                  | bazaar
                  | Bought a scroll of identify for 16 gold pieces 9091
                  | bazaar
                  | Bought a scroll of identify for 16 gold pieces 9128
                  | bazaar
                  | Bought a potion of curing for 20 gold pieces 9128
                  | bazaar
                  | Bought a potion of curing for 20 gold pieces 9128
                  | bazaar
                  | Bought a meat ration for 40 gold pieces 9149
                  | bazaar
                  | Bought a scroll labeled HETUTY PREANATUSHRA for 27 gold pieces 9149
                  | bazaar
                  | Bought a scroll of teleportation for 81 gold pieces 9216
                  | bazaar
                  | Bought a scroll of amnesia for 55 gold pieces 9257
                  | bazaar
                  | Bought a scroll of remove curse for 24 gold pieces
  9502 | D:11     | Reached skill level 9 in Dodging
  9807 | D:11     | Reached XP level 10. HP: 42/42 MP: 6/24
 10207 | D:10     | Entered Level 10 of the Dungeon
 10279 | D:10     | Acquired Ashenzari's second power
 10285 | D:10     | Paralysed by a yellow wasp for 1 turns
 10653 | D:9      | Found a staircase to the Lair.
 11077 | D:9      | Reached skill level 1 in Air Magic
 11628 | D:9      | Reached skill level 10 in Dodging
 11933 | D:9      | Reached skill level 5 in Poison Magic
 12043 | Lair:1   | Entered Level 1 of the Lair of Beasts
 12758 | Lair:1   | Reached skill level 5 in Fighting
 13262 | Lair:3   | Reached XP level 11. HP: 43/46 MP: 8/27
 13396 | Lair:3   | Acquired Ashenzari's third power
 14726 | D:10     | Gained mutation: Your system is resistant to poisons.
 14726 | D:10     | Gained mutation: Your mind is acute (Int +1).
 14726 | D:10     | Lost mutation: Your mind is acute (Int +1).
 14782 | D:10     | Found a staircase to the Orcish Mines.
 15325 | D:11     | Reached skill level 11 in Dodging
 17529 | Lair:2   | Reached skill level 5 in Stealth
 17644 | Lair:3   | Learned a level 1 spell: Confusing Touch
 17791 | Lair:3   | Found a deep blue altar of Sif Muna.
 18173 | Lair:4   | Identified a scroll of acquirement
 18376 | Lair:4   | Found a staircase to the Swamp.
 18483 | Lair:4   | Reached skill level 1 in Hexes
 18483 | Lair:4   | Gained mutation: Your thick and shaggy fur keeps you warm (AC +3, rC+).
 18483 | Lair:4   | Reached XP level 12. HP: 40/51 MP: 18/29
 18819 | Lair:5   | Acquired Ashenzari's fourth power
 19031 | Lair:5   | Reached skill level 10 in Unarmed Combat
 19373 | D:6      | Bought a book of Enchantments for 600 gold pieces
 19383 | D:6      | Learned a level 3 spell: Flight
 19402 | D:6      | Learned a level 2 spell: Slow
 20241 | D:13     | Noticed Erolcha
 20257 | D:13     | Killed Erolcha
 20960 | D:13     | Noticed Josephine
 20975 | D:13     | Killed Josephine
 20975 | D:13     | Reached skill level 1 in Charms
 20986 | D:13     | HP: 2/52 [rock troll zombie[Josephine] (15)]
 20986 | D:13     | Mangled by a rock troll zombie
 20987 | D:13     | Reached XP level 11. HP: -6/48 MP: 0/28
 23424 | Lair:5   | Reached XP level 12. HP: 52/52 MP: 22/29
 23708 | Lair:5   | Found a staircase to the Snake Pit.
 23876 | Lair:6   | Reached skill level 12 in Unarmed Combat
 24436 | Lair:6   | HP: 2/79 [12-headed hydra (12)]
 24437 | Lair:6   | Reached skill level 5 in Charms
 25438 | Lair:7   | Learned a level 6 spell: Haste
 25688 | Lair:7   | Found a white marble altar of Elyvilon.
 25934 | Lair:7   | Found a staircase to the Slime Pits.
 25939 | Lair:7   | Found a viscous altar of Jiyva.
 26136 | Lair:8   | Entered Level 8 of the Lair of Beasts
 26142 | Lair:8   | Reached skill level 13 in Unarmed Combat
 27289 | Lair:8   | Noticed Gastronok
 27306 | Lair:8   | Killed Gastronok
 27306 | Lair:8   | Reached XP level 13. HP: 46/58 MP: 19/30
 27394 | Lair:8   | Reached skill level 10 in Fighting
 27399 | Lair:8   | Found a crumbling entrance.
 27407 | Spider   | Entered a spider's nest
 27819 | Spider   | Reached skill level 14 in Unarmed Combat
 28050 | Spider   | Noticed MarvinPA's ghost (powerful DrIE)
 28073 | Spider   | Killed MarvinPA's ghost
 29760 | Lair:8   | Reached skill level 15 in Unarmed Combat
 29763 | Lair:8   | Identified the ring of Trog's Whim
 30546 | Lair:5   | Reached skill level 1 in Fire Magic
 30546 | Lair:5   | Reached XP level 14. HP: 43/63 MP: 14/31
 30575 | Lair:5   | Learned a level 5 spell: Ignite Poison
 31028 | Snake:1  | Entered Level 1 of the Snake Pit
 32352 | Snake:2  | Noticed Jozef
 32360 | Snake:2  | Killed Jozef
 32803 | Snake:2  | Reached skill level 10 in Spellcasting
 33806 | Snake:3  | Noticed Wiglaf
 34169 | Snake:3  | Noticed Donald
 34191 | Snake:3  | Killed Donald
 35370 | Snake:4  | Mangled by an anaconda
 35371 | Snake:4  | Reached XP level 13. HP: -10/59 MP: 0/32
 35813 | Snake:3  | Noticed Roxanne
 36066 | Orc:1    | Entered Level 1 of the Orcish Mines
 36212 | Orc:2    | Noticed Sonja
 36231 | Orc:2    | Killed Sonja
 36348 | Orc:3    | Found a deep blue altar of Sif Muna.
 36380 | Orc:4    | Entered Level 4 of the Orcish Mines
 36553 | Orc:4    | Noticed a rock troll
 36558 | Orc:4    | Found Ceacwuoh's Food Boutique.
 36558 | Orc:4    | Noticed an ogre mage
 36582 | Orc:4    | Noticed a cyclops
 36585 | Orc:4    | Noticed a two-headed ogre
 36592 | Orc:4    | Noticed a two-headed ogre
 36592 | Orc:4    | Noticed a two-headed ogre
 36595 | Orc:4    | Noticed a two-headed ogre
 36596 | Orc:4    | Killed a rock troll
 36602 | Orc:4    | Killed a two-headed ogre
 36609 | Orc:4    | Killed a two-headed ogre
 36615 | Orc:4    | Killed a two-headed ogre
 36620 | Orc:4    | Killed a cyclops
 36625 | Orc:4    | Killed a two-headed ogre
 36628 | Orc:4    | Killed an ogre mage
 36755 | Orc:4    | Found Akhlusk's Magical Wand Shoppe.
 36764 | Orc:4    | Noticed a cyclops
 36789 | Orc:4    | Noticed a two-headed ogre
 36801 | Orc:4    | Killed a two-headed ogre
 36825 | Orc:4    | Reached XP level 14. HP: 61/64 MP: 18/33
 36827 | Orc:4    | Noticed an ogre mage
 36856 | Orc:4    | Killed an ogre mage
 37029 | Orc:4    | Killed a cyclops
 37159 | Orc:4    | Found Giom's Antique Armour Shop.
 37161 | Orc:4    | Found Ovuw's Armour Shop.
 37169 | Orc:4    | Found Alixkas' Distillery.
 37169 | Orc:4    | Alixkas' Distillery was a mimic.
 37206 | Orc:4    | Found Nolaypes' Book Shop.
 37284 | Orc:4    | Noticed a rock troll
 37293 | Orc:4    | Killed a rock troll
 37350 | Orc:4    | Found Ycriyvva's Book Shop.
 37446 | Orc:4    | Noticed a two-headed ogre
 37459 | Orc:4    | Killed a two-headed ogre
 37459 | Orc:4    | Reached skill level 16 in Unarmed Combat
 37762 | Orc:4    | Noticed an ettin
 37777 | Orc:4    | Killed an ettin
 38004 | Orc:4    | Bought a book of Stalking for 520 gold pieces
 38010 | Orc:4    | Learned a level 4 spell: Dig
 38014 | Orc:4    | Learned a level 1 spell: Fulsome Distillation
 38497 | Orc:3    | Found a staircase to the Elven Halls.
 38880 | Orc:2    | Found a roughly hewn altar of Beogh.
 38942 | Orc:2    | Found a flagged portal. 38951
                  | bailey
                  | Entered the bailey 39381
                  | bailey
                  | Gained mutation: Your flesh is cold resistant. 39381
                  | bailey
                  | Gained mutation: You can spit poison. 39381
                  | bailey
                  | Gained mutation: You are agile (Dex +1).
 39812 | Orc:1    | Found a roughly hewn altar of Beogh.
 40577 | D:14     | Entered Level 14 of the Dungeon
 40643 | D:14     | Noticed Nikola
 40661 | D:14     | Reached skill level 1 in Necromancy
 40704 | D:14     | Killed Nikola
 40846 | D:14     | Noticed Urug
 40863 | D:14     | Killed Urug
 41434 | D:14     | Noticed Snorg
 41643 | D:14     | Noticed Rupert
 41667 | D:14     | Killed Rupert
 42216 | D:14     | Noticed Nergalle
 42229 | D:14     | Killed Nergalle
 42622 | D:14     | Killed Snorg
 42719 | D:15     | Entered Level 15 of the Dungeon
 42820 | D:15     | Noticed Kirke
 42840 | D:15     | Killed Kirke
 42840 | D:15     | Reached XP level 15. HP: 61/68 MP: 27/35
 44130 | D:16     | Noticed Harold
 44186 | D:16     | Noticed a stone giant
 44211 | D:16     | Killed a stone giant
 44561 | D:16     | Noticed a stone giant
 44580 | D:16     | Killed a stone giant
 44594 | D:16     | Reached skill level 5 in Necromancy
 44928 | D:16     | Noticed Maud
 44937 | D:16     | Killed Maud
 45321 | D:16     | Found a staircase to the Vaults.
 45438 | D:16     | Noticed a yaktaur captain
 45471 | D:16     | Killed a yaktaur captain
 46200 | D:16     | Noticed a quicksilver dragon
 46223 | D:16     | Identified a rod of striking
 46644 | D:16     | Noticed Azrael
 46645 | D:16     | Noticed a fire elemental
 46694 | D:16     | Learned a level 6 spell: Deflect Missiles
 46796 | D:16     | Noticed a fire elemental
 46797 | D:16     | Noticed a fire elemental
 46802 | D:16     | Killed a fire elemental
 46809 | D:16     | Killed Azrael
 46815 | D:16     | Killed a fire elemental
 46822 | D:16     | Killed a fire elemental
 46838 | D:16     | Killed Harold
 47129 | D:16     | Reached XP level 16. HP: 38/73 MP: 17/36
 47275 | D:16     | Noticed a stone giant
 47296 | D:16     | Killed a stone giant
 47312 | D:16     | Paralysed by an ogre mage for 5 turns
 47316 | D:16     | Slain by a centaur warrior
 47317 | D:16     | Reached XP level 15. HP: -5/69 MP: 0/35
 47345 | D:16     | Noticed a golden dragon
 47347 | D:16     | Noticed a stone giant
 47382 | D:16     | Killed a golden dragon
 47407 | D:16     | Noticed a yaktaur captain
 47423 | D:16     | Killed a yaktaur captain
 47885 | Lair:5   | Reached skill level 15 in Dodging
 48189 | Snake:3  | Killed Wiglaf
 48795 | Snake:4  | Found a bloodstained altar of Trog.
 48838 | Snake:5  | Entered Level 5 of the Snake Pit
 48838 | Snake:5  | Noticed tewe's ghost (mighty DEFE)
 49470 | Vault:1  | Entered Level 1 of the Vaults
 49522 | Vault:1  | Found Siawam's Weapon Emporium.
 49523 | Vault:1  | Found Kiovi's Antique Armour Shoppe.
 49569 | Vault:1  | Reached skill level 17 in Unarmed Combat
 49718 | Vault:1  | Found Avaubb's Food Emporium.
 49733 | Vault:1  | Found Prierair's Antique Weapon Boutique.
 49762 | Vault:1  | Found a portal to a secret trove of treasure.
 50838 | Vault:2  | Noticed Norris
 50856 | Vault:2  | Killed Norris
 50953 | Vault:2  | Found an iron altar of Okawaru.
 51246 | Vault:2  | Reached XP level 16. HP: 74/74 MP: 36/36
 52724 | Vault:3  | Found a staircase to the Crypt.
 53110 | Vault:3  | Found a white marble altar of Elyvilon.
 54136 | Vault:4  | Noticed Mennas
 54620 | Vault:5  | Found a staircase to the Hall of Blades.
 55281 | Vault:5  | Reached XP level 17. HP: 64/78 MP: 17/37
 55374 | Vault:5  | Reached skill level 18 in Unarmed Combat
 55452 | Vault:5  | Slain by a daeva
 55453 | Vault:5  | Reached XP level 16. HP: -4/74 MP: 0/36
 55467 | Vault:5  | Reached skill level 10 in Transmutations
 55602 | Vault:5  | Found Vebasch's General Store.
 56207 | Vault:5  | Found a white marble altar of Elyvilon.
 59291 | Vault:7  | Reached XP level 17. HP: 50/79 MP: 14/37
 59825 | Vault:7  | HP: 3/79 [harpy (16)]
 59825 | Vault:7  | Mangled by a harpy
 59826 | Vault:7  | Reached XP level 16. HP: -9/75 MP: 0/37
 60599 | Elf:1    | Entered Level 1 of the Elven Halls
 60990 | Elf:1    | Identified the cursed ring "Ytaibroco" (You acquired it on level 1 of the Elven Halls)
 61673 | Elf:2    | Noticed Agnes
 61676 | Elf:2    | Noticed Nessos
 61679 | Elf:2    | Killed Agnes
 61689 | Elf:2    | Killed Nessos
 61835 | Elf:2    | Found Yzxenuno's Antique Armour Boutique.
 61885 | Elf:2    | Found a labyrinth entrance.
 61892 | Lab      | Entered a Labyrinth
 62063 | Lab      | Got a blackened book
 62063 | Lab      | Got a blackened book
 62066 | Lab      | Identified the Volume of Gravity (You found it in a Labyrinth)
 62066 | Lab      | Identified the Volume of the Armadillo (You found it in a Labyrinth)
 62255 | Lab      | Learned a level 2 spell: Blink
 62350 | Elf:2    | Learned a level 1 spell: Summon Butterflies
 63202 | Elf:3    | Noticed an orc priest
 63207 | Elf:3    | Killed an orc priest
 63271 | Elf:3    | Found a frozen archway.
 63304 | IceCv    | Entered an ice cave
 65223 | Elf:4    | Found Klauqu's Weapon Shoppe.
 65246 | Elf:4    | Reached XP level 17. HP: 61/79 MP: 18/37
 65555 | Elf:4    | Noticed Frances
 65566 | Elf:4    | Killed Frances
 65570 | Elf:4    | Reached XP level 16. HP: 60/75 MP: 15/37
 65966 | Elf:4    | Reached XP level 17. HP: 79/79 MP: 36/37
 66217 | Elf:5    | Entered Level 5 of the Elven Halls
 66488 | Elf:5    | Found Plutan's Food Boutique.
 66509 | Elf:5    | Bought a meat ration for 52 gold pieces
 67164 | Elf:5    | Noticed a deep elf blademaster
 67707 | Elf:5    | Killed a deep elf blademaster
 67898 | Elf:5    | Noticed a deep elf blademaster
 68231 | Elf:5    | Mangled by a deep elf blademaster
